 Dungeon Sprint DCSS version 0.28-a0-71-g84acfa7270 (webtiles) character file.

Game seed: 2812440163759305037

428 Zeldest the Martial Artist (level 6, 0/30 HPs)
             Began as a Vine Stalker Transmuter on Aug 2, 2021.
             Was a Follower of Cheibriados.
             Slain by a troll (13 damage)
             ... in the Dungeon (Sprint IX: "|||||||||||||||||||||||||||||").
             The game lasted 00:01:44 (108 turns).

Zeldest the Martial Artist (Vine Stalker Transmuter) Turns: 108, Time: 00:01:44

Health: 0/30       AC:  3    Str: 19    XL:     6   Next: 98%
Magic:  0/10       EV: 12    Int: 18    God:    Cheibriados [*.....]
Gold:   0          SH:  0    Dex: 17    Spells: 6/9 levels left

rFire   . . .      SeeInvis .     - Unarmed
rCold   . . .      Faith    .   (no shield)
rNeg    . . .      Spirit   +   a - +0 robe
rPois   .          Reflect  .   (helmet currently unavailable)
rElec   .          Harm     .   i - +0 cloak
rCorr   .          Rampage  .   (no gloves)
Will    .....      NoTele   +   (boots currently unavailable)
Stlth   ++........              (no amulet)
HPRegen 1.10/turn               l - +3 ring of strength
MPRegen 0.12/turn               k - +3 ring of intelligence

@: appendages (expiring), very slightly contaminated, invisible, very slow
A: horns 2, talons 2, fangs 2, regeneration 1, magic shield, antimagic bite, no
potion heal 2
a: End Transformation, Renounce Religion, Bend Time


You were in the Dungeon.
You worshipped Cheibriados.
Cheibriados was aware of your devotion.
You had temporarily grown beastly horns and talons.
You visited 1 branch

Inventory:

Armour
 a - a +0 robe (worn)
 i - a +0 cloak (worn)
 j - a +0 pair of boots (melded)
Jewellery
 k - a +3 ring of intelligence (right hand)
 l - a +3 ring of strength (left hand)
Wands
 h - a wand of iceblast (10)
Scrolls
 f - 2 scrolls of blinking
 g - 2 scrolls of amnesia
Potions
 b - 5 potions of curing
 c - a potion of haste
 d - 4 potions of magic


   Skills:
 + Level 2.0 Fighting
 + Level 1.4 Armour
 + Level 2.3 Dodging
 + Level 13.3 Unarmed Combat
 - Level 2.1 Spellcasting
 + Level 3.0 Transmutations
 + Level 1.8 Invocations


You had 6 spell levels left.
You knew the following spells:

 Your Spells              Type           Power      Damage    Failure   Level
a - Beastly Appendage     Tmut           24%        N/A       5%          1
b - Wereblood             Tmut           12%        N/A       8%          2

Your spell library contained the following spells:

 Spells                   Type           Power      Damage    Failure   Level
 Spider Form              Tmut/Pois      3%         N/A       28%         3
 Ice Form                 Ice/Tmut       7%         N/A       67%         4


Dungeon Overview and Level Annotations

Branches:
Dungeon (1/1)

Altars:
Cheibriados
Dithmenos
Elyvilon
Fedhas
Gozag
Hepliaklqana
Kikubaaqudgha
Makhleb
Nemelex Xobeh
Okawaru
Qazlal
Ru
Sif Muna
Trog
Uskayaw
Vehumet
Wu Jian
Xom
Yredelemnul
Zin
The Shining One
Beogh
Jiyva
Lugonu


Innate Abilities, Weirdness & Mutations

You have temporarily grown beastly horns and talons.
You have extremely sharp teeth.
Your natural rate of healing is unusually fast.
When hurt, damage is shared between your health and your magic reserves.
Your bite disrupts and absorbs the magic of your enemies.
Potions cannot restore your health.


Message History

Your Fighting skill increases to level 1!
Your transformation is almost over.
The centaur shoots an arrow.
The arrow hits you!
The centaur shoots an arrow.
The arrow misses you.
There is an open door to the Dungeon here.
Things that are here:
a +1 falchion; a +0 robe The centaur shoots an arrow.
The arrow misses you.
The centaur unwields a +0 shortbow.
The centaur barely misses you. The centaur closely misses you.
You punch the centaur! Your kick misses the centaur.
You headbutt the centaur, but do no damage.
You punch the centaur, but do no damage.
Your bite misses the centaur.
The centaur is severely wounded.
The centaur barely misses you. The centaur closely misses you.
You hit the centaur but do no damage. Your headbutt misses the centaur.
The centaur is severely wounded.
The centaur closely misses you.
The centaur kicks you but does no damage.
You hit the centaur. You claw the centaur.
You kill the centaur!
Cheibriados thoroughly appreciates the change of pace.
Cheibriados is now slowing the effects of poison on you.
Cheibriados raises the support of your attributes as your movement slows.
Your Fighting skill increases to level 2!
Your Armour skill increases to level 1!
Your Dodging skill increases to level 2!
Your Transmutations skill increases to level 3!
Your Invocations skill increases to level 1!
You catch the helpless troll completely off-guard!
You hit the troll but do no damage. Your kick misses the troll.
Your bite misses the troll. The troll barely misses you. The troll claws you.
The troll claws you!
You closely miss the troll. You bite the troll, but do no damage.
You catch the helpless troll completely off-guard!
You hit the troll but do no damage. You claw the troll.
The troll is lightly wounded.
The troll bites you!
You die... ▓▓▓▓▓▓▓▓▓▓▓▓▓▓▓▓▓▓▓▓▓▓▓ _____'!.)...[..)@TyVZ.+ ▓▓▓▓▓▓▓▓▓▓▓▓▓▓▓▓▓▓▓▓▓▓▓

You could see a troll, a vampire, a vampire mosquito and an adder zombie.

Vanquished Creatures
  An ice beast (D)
  A necrophage (D)
  A phantom (D)
  A centaur (D)
  A gnoll sergeant (D)
  A wight (D)
  An adder (D)
  2 endoplasms (D)
  A ball python (D)
  A bat (D)
  A goblin (D)
12 creatures vanquished.

Notes
Turn   | Place    | Note
-------+----------+-------------------------------------------
     0 | D        | Zeldest the Vine Stalker Transmuter began the quest for the
                  | Orb.
     0 | D        | Reached XP level 1. HP: 9/9 MP: 4/4
    10 | D        | Reached skill level 4 in Unarmed Combat
    19 | D        | Noticed a phantom
    19 | D        | Noticed a necrophage
    19 | D        | Noticed an ice beast
    19 | D        | Noticed a gnoll sergeant
    22 | D        | Killed a phantom
    23 | D        | Reached skill level 8 in Unarmed Combat
    23 | D        | Reached XP level 2. HP: 12/14 MP: 3/6
    23 | D        | Reached XP level 3. HP: 14/17 MP: 3/7
    23 | D        | Gained mutation: Your natural rate of healing is unusually
                  | fast. [Vine Stalker growth]
    23 | D        | Reached XP level 4. HP: 18/21 MP: 3/8
    26 | D        | Killed a necrophage
    27 | D        | Reached skill level 11 in Unarmed Combat
    27 | D        | Reached XP level 5. HP: 21/25 MP: 3/9
    30 | D        | Killed an ice beast
    31 | D        | Reached skill level 12 in Unarmed Combat
    31 | D        | Reached XP level 6. HP: 27/29 MP: 3/10
    35 | D        | Reached skill level 13 in Unarmed Combat
    38 | D        | Found a snail-covered altar of Cheibriados.
    38 | D        | Found a shadowy altar of Dithmenos.
    38 | D        | Found a white marble altar of Elyvilon.
    38 | D        | Found a blossoming altar of Fedhas.
    38 | D        | Found an opulent altar of Gozag.
    39 | D        | Found a hazy altar of Hepliaklqana.
    40 | D        | Found a viscous altar of Jiyva.
    41 | D        | Found an ancient bone altar of Kikubaaqudgha.
    42 | D        | Became a worshipper of Cheibriados the Contemplative
    43 | D        | Found a corrupted altar of Lugonu.
    44 | D        | Found a burning altar of Makhleb.
    45 | D        | Found a sparkling altar of Nemelex Xobeh.
    46 | D        | Found an iron altar of Okawaru.
    47 | D        | Found a stormy altar of Qazlal.
    48 | D        | Found a sacrificial altar of Ru.
    49 | D        | Found a shimmering blue altar of Sif Muna.
    50 | D        | Found a bloodstained altar of Trog.
    51 | D        | Found a hide-covered altar of Uskayaw.
    52 | D        | Found a radiant altar of Vehumet.
    53 | D        | Found an ornate altar of the Wu Jian Council.
    54 | D        | Found a shimmering altar of Xom.
    55 | D        | Found a basalt altar of Yredelemnul.
    59 | D        | Learned a level 2 spell: Wereblood
    59 | D        | Found a glowing silver altar of Zin.
    60 | D        | Found a glowing golden altar of the Shining One.
    96 | D        | Noticed a troll
    96 | D        | Noticed a vampire mosquito
    96 | D        | Noticed a vampire
   101 | D        | Reached skill level 1 in Fighting
   105 | D        | Reached * piety under Cheibriados
   106 | D        | Reached skill level 1 in Armour
   106 | D        | Reached skill level 1 in Invocations
   108 | D        | Slain by a troll

Illustrated notes

Levels and vault maps discovered:
D:        linesprint [early_d, line_temple, items_1, d_10, items_2, lair_1,
          lair_end, items_3, orc_1, orc_end, items_4, d_15, swamp_1, shoals_1,
          snake_1, spider_1, d_20, vaults_1, items_5, swamp_end, shoals_end,
          snake_end, spider_end, vaults_end, d_27, items_6, zot_1, zot_end,
          crypt_end, forest_end, elf_end, slime_end, tomb_end, abyss_end,
          pan_hell_end]

Skill      XL: |  1  2  3  4  5  6 |
---------------+-------------------+-----
Unarmed Combat | 8 11 12 13 | 13.3
Fighting       | 2 |  2.0
Armour         | 1 |  1.4
Dodging        | 2 |  2.3
Transmutations | 3 |  3.0
Invocations    | 1 |  1.8
Spellcasting   | |  2.1

Action                   |  1- 3 |  4- 6 || total
-------------------------+-------+-------++-------
Melee: Unarmed           |     9 |    17 ||    26
       Kick              |     2 |     4 ||     6
       Headbutt          |     2 |     3 ||     5
       Bite              |     1 |     1 ||     2
       Punch             |       |     2 ||     2
 Cast: Beastly Appendage |     2 |     1 ||     3
  Use: Potion            |     1 |     1 ||     2
 Stab: Invisible         |       |     2 ||     2
Armor: Robe              |       |     2 ||     2
Dodge: Dodged            |     5 |    12 ||    17

Table legend: (Time is in decaauts)
 A = Elapsed time spent in this place.
 B = Non-inter-level travel time spent in this place.
 C = Inter-level travel time spent in this place.
 D = Time resting spent in this place.
 E = Time spent auto-exploring this place.
 F = Levels seen in this place.
 G = Mean time per level.
                   A        B        C        D        E       F      G
               +--------+--------+--------+--------+--------+-----+--------+
         Total |    121 |    121 |      0 |      0 |      0 |   1 |  121.0 |
       Dungeon |    121 |    121 |      0 |      0 |      0 |   1 |  121.0 |
               +--------+--------+--------+--------+--------+-----+--------+

Top non-repeatable levels by time:
       D: 121 daAuts
